 Dungeon Crawl Stone Soup version 0.30.0-5-g1a98f26d00 (webtiles) character file.

Game seed: 15517996140388891205

27993 Kranky the Impaler (level 13, -2/117 HPs)
             Began as a Minotaur Berserker on May 10, 2023.
             Was a High Priest of Trog.
             Slain by a vault guard
             ... wielding a +0 war axe
              (13 damage)
             ... on level 13 of the Dungeon.
             The game lasted 00:35:19 (12219 turns).

Kranky the Impaler (Minotaur Berserker)            Turns: 12219, Time: 00:35:22

Health: -2/117     AC: 14    Str: 30    XL:     13   Next: 7%
Magic:  12/12      EV: 13    Int:  7    God:    Trog [*****.]
Gold:   608        SH:  0    Dex:  9    Spells: 12/12 levels left

rFire   . . .        X - +6 halberd of Buptif {heavy, *Rage Will+ Str+2}
rCold   . . .        (shield currently unavailable)
rNeg    . . .        q - +0 scale mail
rPois   .            V - +0 hat {Int+3}
rElec   .            j - +0 cloak {rCorr}
rCorr   +            (no gloves)
SInv    +            (no boots)
Will    +....        B - amulet of regeneration
Stlth   +            A - +4 ring of protection
HPRegen 1.19/turn    n - ring of see invisible
MPRegen 0.13/turn

%: random rage (20%)
@: no status effects
A: horns 2, retaliatory headbutt
a: Renounce Religion, Berserk, Trog's Hand, Brothers in Arms


You were on level 13 of the Dungeon.
You worshipped Trog.
Trog was extremely pleased with you.
You visited 1 branch of the dungeon, and saw 13 of its levels.
You also visited: Ossuary.

You collected 764 gold pieces.
You spent 156 gold pieces at shops.

Inventory:

Hand Weapons
 X - the +6 halberd of Buptif (weapon) {heavy, *Rage Will+ Str+2}
   (Trog gifted it to you on level 9 of the Dungeon)

   Str:       It affects your strength (+2).
   *Rage:     It berserks you when you make melee attacks (+20% chance).
   Will:      It increases your willpower.
Missiles
 o - 4 throwing nets (quivered)
 y - 48 poisoned darts
 S - 3 curare-tipped darts
Armour
 j - a +0 cloak of preservation (worn)
 q - a +0 scale mail (worn)
 V - a +0 hat of intelligence (worn)
Jewellery
 n - a ring of see invisible (right hand)
 A - a +4 ring of protection (left hand)
 B - an amulet of regeneration (around neck)
Wands
 a - a wand of roots (6)
 g - a wand of light (5)
 m - a wand of mindburst (14)
 s - a wand of flame (25)
 u - a wand of polymorph (13)
 O - a wand of digging (3)
 P - a wand of charming (26)
Scrolls
 b - a scroll of acquirement {unknown}
 d - 3 scrolls of noise {unknown}
 e - a scroll of amnesia {unknown}
 k - a scroll of magic mapping
 l - 4 scrolls of torment {unknown}
 p - 4 scrolls of vulnerability {unknown}
 r - 3 scrolls of enchant weapon
 v - 4 scrolls of fog
 w - 3 scrolls of enchant armour {unknown}
 z - 4 scrolls of fear
 C - 6 scrolls of teleportation {unknown}
 D - 8 scrolls of blinking {unknown}
 F - a scroll of brand weapon {unknown}
 M - a scroll of butterflies {unknown}
 N - a scroll of silence {unknown}
Potions
 c - 2 potions of cancellation
 h - 4 potions of flight
 E - 3 potions of haste
 G - 5 potions of might
 H - 7 potions of curing
 J - 2 potions of ambrosia
 K - 3 potions of invisibility
 Q - a potion of resistance
 T - 2 potions of magic
 Y - a potion of berserk rage
Miscellaneous
 f - a phantom mirror


   Skills:
 + Level 11.9 Fighting
 - Level 4.0 Short Blades
 * Level 16.1 Polearms
 + Level 0.4 Throwing
 + Level 12.2 Armour
 + Level 8.9 Dodging
 - Level 3.2 Stealth
 - Level 6.0 Evocations


You had 12 spell levels left.
You didn't know any spells.
Your spell library was empty.

Dungeon Overview and Level Annotations

Branches:
Dungeon (13/15)            Temple (0/1) D:6            Lair (0/5) D:9
    Orc (0/2) D:12         Vaults (0/5) D:13        Ossuary (visited)

Altars:
Ashenzari
Elyvilon
Fedhas
Gozag
Hepliaklqana
Makhleb
Ru
Sif Muna
Uskayaw
Xom
Yredelemnul
Zin

Shops:
D:5 *!   D:9 *   D:12 :

Portals:
Trove: D:12 (give +7 demon trident)


Innate Abilities, Weirdness & Mutations

You have a pair of horns on your head.
You reflexively headbutt those who attack you in melee.


Message History

* * * LOW HITPOINT WARNING * * *
The vault guard barely misses you. You furiously retaliate!
You headbutt the vault guard!
The vault guard hits your deep troll with a +0 war axe!!
The vault guard attacks as you move away!
The vault guard hits you with a +0 long sword.
* * * LOW HITPOINT WARNING * * *
The vault guard attacks as you move away!
The vault guard barely misses you.
The vault guard closely misses your deep troll.
Your deep troll closely misses the vault guard.
Your deep troll claws the vault guard! x2
The vault guard dies!
Trog accepts your kill.
The vault guard hits your deep troll with a +0 bardiche!!
There is an open gate, spattered with blood here.
Things that are here:
a +0 arbalest; a yaktaur corpse
Okay, then.
Your deep troll barely misses the vault guard.
Your deep troll claws the vault guard.
Your deep troll barely misses the vault guard.
Your deep troll bites the vault guard!!
Your deep troll claws the vault guard.
Your deep troll claws the vault guard but does no damage.
You see here a human corpse.
You hear a shout!
The vault guard attacks as you move away!
The vault guard hits you with a +0 war axe!
* * * LOW HITPOINT WARNING * * *
Your deep troll rages.
Your deep troll bites the vault guard but does no damage.
Your deep troll claws the vault guard.
Your deep troll claws the vault guard!!
There is an open gate, spattered with blood here.
Your ogre goes berserk!
Your deep troll closely misses the vault guard.
Your deep troll claws the vault guard!!
The vault guard dies!
Trog accepts your kill.
The vault guard hits you with a +0 war axe!
You die...

#########
#.......##########
#................#
#...##††'########.#
# #.....#...).#.#
#.....'.....#.#
#..⌠.)@..⌠..#.#
#...O.p.....#.#
#)!...#.†...#.#
########)††##.#
#pT...#.#
#?...op.....#.# ##
#..∩..'..⌠..#.# #.#
#)....'.....#.#
...#[$[..#....[#.#


You could see a vault guard (ally target), a friendly deep troll (summoned,
berserk) and a friendly ogre (summoned, berserk).

Vanquished Creatures
  Gastronok (D:10)
  Snorg (D:11)
  Josephine (D:11)
  Fannar (D:11)
  Harold (D:9)
  Erolcha (D:9)
  5 two-headed ogres
  3 boulder beetles
  Amaemon (D:8)
  Pikel (D:6)
  A necromancer (D:13)
  Maurice (D:8)
  An orange demon (D:9)
  A yaktaur (D:13)
  5 kobold demonologists
  A komodo dragon (D:9)
  3 trolls
  The ghost of RascalDebosk the Magician, an amateur DjNe (D:4)
  9 slime creatures (D:12)
  A vampire (D:10)
  8 wraiths
  8 yaks
  3 shadows
  17 humans (D:13)
  Grum (D:8)
  2 steam dragons
  3 acid dragons
  6 water moccasins
  An ice beast (D:7)
  3 sky beasts
  2 orc warriors
  An ogre (D:4)
  3 black bears
  2 wolves (D:8)
  A phantom (D:5)
  4 centaurs
  2 lemures (D:6)
  6 kobold brigands
  5 bullfrogs
  2 gnoll sergeants
  10 scorpions
  15 wights
  10 killer bees
  3 howler monkeys (D:12)
  A centaur zombie (Ossuary)
  A jelly (D:5)
  A gnoll bouda (D:9)
  2 hounds
  An orc priest (D:8)
  Jessica (D:2)
  3 scorpion zombies (Ossuary)
  2 sleepcaps
  4 iguanas
  Ijyb (D:5)
  An orc wizard (D:8)
  4 mummies
  17 gnolls
  5 adders
  A shadow imp (D:6)
  3 ufetubi
  A dart slug (D:2)
  11 orcs
  3 bats
  8 endoplasms
  5 giant cockroaches
  7 goblins
  A hobgoblin (D:4)
  6 jackals
  28 kobolds
  5 quokkas
  3 ball pythons (D:1)
  5 frilled lizards
  A gnoll zombie (Ossuary)
  2 goblin zombies (Ossuary)
  5 hobgoblin zombies
  4 kobold zombies
  2 orc zombies (Ossuary)
  8 rats
311 creatures vanquished.

Vanquished Creatures (collateral kills)
  2 vault guards (D:13)
  2 kobold demonologists (D:10)
  A wraith (D:11)
  2 kobold brigands (D:10)
  An orc wizard (D:11)
  An orc (D:11)
  3 kobolds (D:11)
12 creatures vanquished.

Grand Total: 323 creatures vanquished

Notes
Turn   | Place    | Note
-------+----------+-------------------------------------------
     0 | D:1      | Kranky the Minotaur Berserker began the quest for the Orb.
     0 | D:1      | Reached XP level 1. HP: 19/19 MP: 0/0
   270 | D:1      | Reached XP level 2. HP: 25/27 MP: 1/1
   317 | D:1      | Reached skill level 4 in Polearms
   901 | D:2      | Reached XP level 3. HP: 23/33 MP: 2/2
  1022 | D:2      | Reached ** piety under Trog
  1095 | D:2      | Found a faded altar of an unknown god.
  1249 | D:2      | Noticed Jessica
  1252 | D:2      | Killed Jessica
  1253 | D:2      | Reached skill level 1 in Stealth
  1253 | D:2      | Reached XP level 4. HP: 39/40 MP: 3/3
  1829 | D:3      | Found a white marble altar of Elyvilon.
  2282 | D:4      | Found a basalt altar of Yredelemnul.
  2303 | D:4      | Reached skill level 1 in Short Blades
  2303 | D:4      | Reached XP level 5. HP: 18/47 MP: 4/4
  2540 | D:4      | Found a sand-covered staircase.
  2557 | Ossuary  | Entered an ossuary
  2743 | Ossuary  | Reached XP level 6. HP: 55/55 MP: 5/5
  2811 | Ossuary  | Reached skill level 5 in Fighting
  2815 | Ossuary  | Reached *** piety under Trog
  2883 | Ossuary  | Reached XP level 7. HP: 61/61 MP: 6/6
  2890 | Ossuary  | Reached skill level 5 in Armour
  3203 | D:4      | Found a hide-covered altar of Uskayaw.
  3436 | D:4      | Found a runed translucent door.
  3549 | D:4      | Found a shimmering blue altar of Sif Muna.
  3747 | D:4      | Noticed RascalDebosk's ghost (amateur DjNe)
  3888 | D:4      | Killed RascalDebosk's ghost
  3889 | D:4      | Reached XP level 8. HP: 70/70 MP: 7/7
  3933 | D:5      | Entered Level 5 of the Dungeon
  4048 | D:5      | Noticed Ijyb
  4055 | D:5      | Reached skill level 5 in Dodging
  4072 | D:5      | Killed Ijyb
  4193 | D:5      | Found a broken altar of Ashenzari.
  4220 | D:5      | Found Zin's Purification Station.
  4224 | D:5      | Found a glowing silver altar of Zin.
  4291 | D:5      | Found Nylotunn's Distillery.
  4304 | D:5      | Bought a potion of invisibility for 96 gold pieces
  4304 | D:5      | Bought a potion of heal wounds for 60 gold pieces
  4699 | D:5      | Found a sacrificial altar of Ru.
  4739 | D:5      | Found an opulent altar of Gozag.
  4741 | D:5      | Found a burning altar of Makhleb.
  5181 | D:5      | Reached skill level 5 in Polearms
  5496 | D:6      | Noticed Pikel
  5552 | D:6      | Killed Pikel
  5553 | D:6      | Reached XP level 9. HP: 73/79 MP: 8/8
  5607 | D:6      | Reached **** piety under Trog
  5665 | D:6      | Found a blossoming altar of Fedhas.
  5682 | D:6      | Reached skill level 6 in Polearms
  5833 | D:6      | Found a staircase to the Ecumenical Temple.
  7147 | D:7      | Reached skill level 7 in Polearms
  7147 | D:7      | Reached skill level 10 in Armour
  7244 | D:7      | Found a hazy altar of Hepliaklqana.
  7245 | D:7      | Found a shimmering altar of Xom.
  7246 | D:7      | Noticed a spectral ugly thing
  7575 | D:8      | Reached skill level 1 in Evocations
  7637 | D:8      | Noticed Grum
  7656 | D:8      | Reached XP level 10. HP: 79/87 MP: 9/9
  7667 | D:8      | Killed Grum
  7742 | D:8      | Noticed a sixfirhy
  8065 | D:8      | Noticed Maurice
  8079 | D:8      | Reached skill level 8 in Polearms
  8103 | D:8      | Killed Maurice
  8287 | D:8      | Reached ***** piety under Trog
  8311 | D:9      | Reached skill level 9 in Polearms
  8389 | D:9      | Found a staircase to the Lair.
  8730 | D:9      | Noticed Amaemon
  8737 | D:9      | Noticed an orange demon
  8762 | D:8      | Killed Amaemon
  8763 | D:8      | Reached skill level 10 in Polearms
  8855 | D:9      | Killed an orange demon
  8931 | D:9      | Reached XP level 11. HP: 80/97 MP: 10/10
  8990 | D:9      | Found Uxtunyso's Assorted Antiques.
  9043 | D:9      | Noticed Erolcha
  9058 | D:9      | Killed Erolcha
  9164 | D:9      | You fall into a shaft and drop 1 floor!
  9164 | D:10     | Entered Level 10 of the Dungeon
  9243 | D:10     | Reached skill level 11 in Polearms
  9291 | D:10     | Noticed Gastronok
  9308 | D:10     | Killed Gastronok
  9424 | D:10     | Noticed a two-headed ogre
  9442 | D:10     | Killed a two-headed ogre
  9443 | D:10     | Reached skill level 10 in Fighting
  9528 | D:10     | Noticed a two-headed ogre
  9540 | D:10     | Killed a two-headed ogre
  9600 | D:10     | Reached skill level 12 in Polearms
  9639 | D:9      | Identified the scarf of the Big Bang {harm, rF+ Dex+2}
  9747 | D:9      | Noticed Harold
  9761 | D:9      | Killed Harold
  9761 | D:9      | Identified the +6 halberd of Buptif {heavy, *Rage Will+
                  | Str+2} (Trog gifted it to you on level 9 of the Dungeon)
  9761 | D:9      | Received a gift from Trog
 10397 | D:10     | Identified the +5 war axe "Ciolaino" {freeze, rPois rC+}
 10694 | D:11     | Noticed Fannar
 10698 | D:11     | Killed Fannar
 10720 | D:11     | Reached XP level 12. HP: 108/108 MP: 11/11
 10743 | D:11     | Reached skill level 13 in Polearms
 10743 | D:11     | Reached skill level 5 in Evocations
 10826 | D:11     | Noticed Snorg
 10833 | D:11     | Killed Snorg
 10836 | D:11     | Noticed a boulder beetle
 10863 | D:11     | Noticed Josephine
 10864 | D:11     | Killed a boulder beetle
 10869 | D:11     | Killed Josephine
 11039 | D:11     | Noticed a two-headed ogre
 11043 | D:11     | Killed a two-headed ogre
 11044 | D:11     | Reached skill level 14 in Polearms
 11250 | D:12     | Noticed a two-headed ogre
 11283 | D:12     | Killed a two-headed ogre
 11314 | D:12     | Found a portal to a secret trove of treasure.
 11323 | D:12     | Noticed a two-headed ogre
 11325 | D:12     | Killed a two-headed ogre
 11350 | D:12     | Found Rok Nin's Book Emporium.
 11363 | D:12     | Noticed a boulder beetle
 11384 | D:12     | Killed a boulder beetle
 11385 | D:12     | Reached skill level 15 in Polearms
 11502 | D:12     | Noticed a boulder beetle
 11512 | D:12     | Killed a boulder beetle
 11699 | D:12     | Found a staircase to the Orcish Mines.
 12139 | D:13     | Reached XP level 13. HP: 57/117 MP: 12/12
 12142 | D:13     | Reached skill level 16 in Polearms
 12204 | D:13     | Found a gate to the Vaults.
 12219 | D:13     | Slain by a vault guard

Illustrated notes

Levels and vault maps discovered:
D:1:      dpeg_arrival_ratfight, layout_loops_corners, hangedman_feature_mirror,
          minmay_crystal_room, st_stairs_2
D:2:      layout_basic, hellmonk_ecumenical_altar_heavens_door,
          minmay_lizard_pond, uniq_jessica
D:3:      layout_loops_cross, amcnicky_altar_gilded, eino_curves_04
D:4:      layout_loops_corners, nicolae_overflow_hidden_temple,
          kennysheep_orc_sif_temple, mainiacjoe_overflow_paths,
          ebering_ghost_reflecting_pool, nicolae_ossuary_entry_giza
D:5:      layout_layer_cave, nicolae_ru_great_annihilating_truth, zin_purify,
          nicolae_ashenzari_skybound,
          chequers_temple_overflow_statue_of_worship, serial_shops,
          nicolae_shop_hallway_stairs, uniq_ijyb
D:6:      layout_layer_cave, lemuel_round_altar, temple_pool_b, uniq_pikel
D:7:      layout_gridville, regret_index_temple_of_mockery
D:8:      layout_rooms, uniq_maurice, uniq_grum
D:9:      layout_stronghold, due_lair_maze_entry_diamond, serial_shops,
          shop_fountains, uniq_harold, uniq_amaemon, uniq_erolcha
D:10:     layout_loops_ring, minmay_door_square, uniq_gastronok
D:11:     layout_irregular_city, uniq_snorg, uniq_fannar, uniq_josephine
D:12:     layout_loops_ring, orc_0_dummy, enter_trove_1, serial_shops,
          nicolae_square_shop
D:13:     minmay_complete_graph, layout_cross, grunt_vaults_entry_tiered,
          minmay_nine_imps

Skill      XL: |  1  2  3  4  5  6  7  8  9 10 11 12 13 |
---------------+----------------------------------------+-----
Polearms       | 4 5 7 10 12 15 16 | 16.1
Fighting       | 4 5 6 7 8 9 10 11 | 11.9
Stealth        | 1 2 3 |  3.2
Dodging        | 3 4 6 7 8 |  8.9
Short Blades   | 1 2 3 4 |  4.0
Armour         | 3 4 6 8 10 11 12 | 12.2
Evocations     | 1 3 4 6 |  6.0
Throwing       | |  0.4

Action                     |  1- 3 |  4- 6 |  7- 9 | 10-12 | 13-15 || total
---------------------------+-------+-------+-------+-------+-------++-------
  Melee: Spear             |    76 |       |    55 |   356 |       ||   487
         Headbutt          |    10 |    42 |    98 |    85 |     2 ||   237
         Short sword       |    14 |   156 |   405 |       |       ||   575
         Punch             |       |     1 |     5 |     3 |       ||     9
         Halberd           |       |       |       |   185 |    11 ||   196
  Throw: Throwing net      |       |     1 |       |     1 |       ||     2
 Invoke: Berserk           |       |       |     1 |       |       ||     1
         Brothers in Arms  |       |       |       |     2 |     2 ||     4
    Use: Scroll            |       |       |    12 |     7 |       ||    19
         Potion            |       |       |       |     3 |       ||     3
   Stab: Sleeping          |     1 |       |       |       |       ||     1
         Held in net/web   |       |     1 |       |       |       ||     1
         Paralysed         |       |       |     1 |       |       ||     1
 Armour: Animal skin       |    11 |     1 |       |       |       ||    12
         Scale mail        |       |    54 |   198 |   195 |    12 ||   459
  Dodge: Dodged            |    46 |    73 |   272 |   279 |     9 ||   679
